Map: Bastion of the Conclave

Players

Valtiel

  • Race: Terran Terran
  • League: Silver
  • Spawn Location: 6:00

AzDune

  • Race: Terran Terran
  • League: Gold
  • Spawn Location: 6:00

Nekito

  • Race: Zerg Zerg
  • Spawn Location: 6:00

LigerMaNN - Winner!

  • Race: Zerg Zerg
  • League: Diamond
  • Spawn Location: 0:00

Truth - Winner!

  • Race: Terran Terran
  • League: Gold
  • Spawn Location: 12:00

ENlightMONK - Winner!

  • Race: Terran Terran
  • League: Silver
  • Spawn Location: 12:00

VOD

Have the link to the VOD?

Description

Time

  • Played on: Feb. 24, 2018, 12:34 a.m.
  • Length: 21:30
Show
View Real Time Build Order
Export as new Build Order

Valtiel Terran 

Build Orders: Reaper Expand 

Get SALT Encoding   

  12  0:33  Supply Depot  
  12  0:37  SCV  
  13  0:49  SCV  
  14  0:54  Supply Depot  
  14  1:01  Supply Depot  
  14  1:13  SCV  
  14  1:16  Refinery  
  15  1:25  Barracks, SCV  
  16  1:44  Command Center  
  16  1:57  Engineering Bay  
  16  2:05  Barracks  
  16  2:09  SCV  
  17  2:26  Orbital Command  
  17  2:33  Reaper  
  18  2:47  Refinery  
  17  3:05  Reaper  
  17  3:45  SCV  
  18  3:57  SCV  
  17  4:10  SCV  
  17  4:14  Marine  
  16  4:22  SCV  
  16  4:30  Marine  
  17  4:34  Planetary Fortress  
  18  4:44  Barracks Reactor  
  17  4:48  Marine  
  17  5:06  Marine  
  16  5:07  Refinery  
  16  5:09  Refinery  
  16  5:23  Marine x2  
  16  5:24  Marine  
  19  5:31  SCV  
  20  5:36  SCV  
  20  5:40  Marine  
  20  5:41  Marine x2  
  24  5:43  SCV  
  24  5:48  SCV  
  26  5:55  SCV  
  26  5:58  Marine  
  26  5:59  Marine  
  26  6:00  SCV  
  26  6:08  SCV  
  27  6:12  SCV  
  27  6:16  Marine x2  
  30  6:20  SCV  
  30  6:21  Ghost Academy  
  30  6:24  SCV  
  32  6:32  SCV  
  32  6:36  SCV  
  33  6:42  Marine  
  33  6:45  Marine  
  33  6:46  Marine  
  36  6:59  Marine  
  37  7:03  Marine  
  37  7:04  Marine  
  39  7:17  Marine  
  39  7:21  Marine x2  
  42  7:24  Barracks  
  42  7:28  Barracks  
  42  7:30  Factory  
  42  7:31  Personal Cloaking  
  42  7:35  Marine  
  43  7:39  Marine x2  
  43  7:43  Terran Infantry Weapons Level 1  
  45  7:53  Marine  
  46  8:05  Supply Depot x2  
  46  8:26  Barracks Tech Lab x2  
  46  8:27  Marine x2  
  46  8:28  Supply Depot  
  41  8:56  Combat Shields  
  45  9:05  Marine x2  
  47  9:22  Marine  
  47  9:23  Marine  
  48  9:28  Unknown x2  
  40  9:40  Marine  
  40  9:41  Marine  
  37  9:49  Nuke  
  37  9:56  Marine x2, Unknown  
  37  9:57  Ghost Academy, Unknown  
  37  9:58  Marine  
  37  9:59  Marine, SCV  
  42  10:08  Marine  
  42  10:11  SCV  
  44  10:14  Marine x2  
  44  10:16  Marine x2  
  48  10:26  Marine  
  37  10:59  Nuke  
  37  11:00  Nuke  
  29  13:55  Supply Depot x3  
  29  13:57  Supply Depot  
  29  13:58  Supply Depot  
  29  14:17  Marine x2  
  31  14:34  Marine x2  
  33  14:52  Marine x2  
  35  15:10  Marine  
  36  15:23  Widow Mine  
  36  15:28  Marine  
  39  15:40  Marine  
  40  15:44  Widow Mine  
  40  15:46  Marine  
  43  15:58  Marine  
  43  16:04  Marine  
  45  16:05  Widow Mine  
  47  16:16  Marine  
  48  16:21  Marine  
  49  16:27  Widow Mine  
  51  16:34  Marine  
  52  16:48  Widow Mine  
  52  16:52  Marine  
  55  19:42  Marine  
  50  20:25  Marine  
  21  20:43  Marine  
Show
View Real Time Build Order
Export as new Build Order

AzDune Terran 

Build Orders:  

Get SALT Encoding   

  12  0:01  SCV  
  13  0:19  Supply Depot  
  13  0:22  SCV  
  14  0:34  SCV  
  15  0:46  Barracks  
  15  0:51  SCV  
  15  0:55  Refinery  
  16  1:04  SCV  
  17  1:16  SCV  
  18  1:24  Refinery  
  18  1:28  SCV  
  19  1:34  Supply Depot  
  19  1:40  SCV  
  20  1:52  Orbital Command  
  20  2:08  Command Center  
  20  2:16  Factory  
  20  2:23  SCV  
  21  2:35  SCV  
  22  2:47  SCV  
  23  2:54  Reaper  
  24  3:22  Orbital Command  
  24  3:32  Refinery  
  24  3:34  SCV  
  25  3:47  SCV  
  26  3:49  Starport  
  26  3:53  Starport  
  24  3:59  SCV  
  25  4:05  Reaper  
  26  4:11  SCV  
  26  4:14  SCV  
  28  4:23  SCV  
  29  4:37  Reaper  
  30  4:55  Fusion Core  
  30  4:57  Starport Tech Lab  
  30  4:58  Starport Tech Lab  
  29  5:32  Orbital Command  
  29  5:49  Battlecruiser x2  
  39  6:05  Weapon Refit  
  39  6:41  Armory  
  39  7:31  Battlecruiser  
  45  7:52  Battlecruiser  
  51  8:00  Supply Depot  
  51  8:01  Supply Depot  
  51  8:02  Supply Depot  
  51  8:04  Supply Depot  
  47  8:36  Battlecruiser  
  50  9:47  Battlecruiser  
  50  10:55  Orbital Command  
  50  11:12  Battlecruiser  
  50  11:21  SCV  
  51  11:33  SCV  
  52  11:45  SCV  
  53  11:58  SCV  
  54  13:16  Supply Depot  
  54  13:17  Supply Depot  
  54  13:18  Supply Depot x2  
  54  13:19  Supply Depot x2  
  54  13:22  Supply Depot  
  54  13:32  Terran Ship Weapons Level 1  
  54  13:38  Battlecruiser x2, SCV  
  67  13:48  Marine  
  67  13:50  SCV  
  69  14:02  SCV  
  70  14:06  Marine  
  71  14:24  Marine  
  72  14:42  Marine, Battlecruiser  
  72  14:43  Battlecruiser  
  85  15:00  Marine  
  86  15:10  Supply Depot x2  
  86  15:12  Supply Depot x2  
  86  15:17  Marine  
  87  15:34  Supply Depot x2  
  87  15:35  Marine, Supply Depot  
  87  15:36  Supply Depot  
  87  15:41  Starport  
  87  15:42  Starport  
  88  15:46  Battlecruiser  
  88  15:47  Battlecruiser  
  100  15:53  Marine  
  101  15:57  Supply Depot  
  101  16:00  Supply Depot x3  
  101  16:10  Refinery  
  101  16:11  Marine  
  101  16:12  Refinery  
  102  16:23  Starport Tech Lab x2, Supply Depot  
  102  16:26  Terran Ship Weapons Level 2, Supply Depot  
  102  16:27  Supply Depot  
  102  16:43  Battlecruiser x2  
  114  16:51  Battlecruiser x2  
  114  16:53  Marine  
  127  17:11  Marine  
  128  17:29  Marine  
  129  17:47  Marine, Battlecruiser  
  129  17:48  Battlecruiser  
  142  17:55  Battlecruiser x2  
  154  18:05  Marine  
  155  18:52  Battlecruiser  
  179  19:20  Marine  
  180  19:38  Marine  
  181  19:56  Marine  
  162  20:13  Marine  
Show
View Real Time Build Order
Export as new Build Order

Nekito Zerg 

Build Orders: Hatch First 

Get SALT Encoding   

  12  0:03  Drone  
  13  0:10  Drone  
  14  0:17  Extractor, Drone  
  15  0:23  Overlord  
  15  1:00  Drone x3  
  18  1:04  Hatchery  
  17  1:15  Extractor  
  16  1:27  Spawning Pool  
  15  1:55  Drone  
  15  1:56  Drone x2  
  18  2:38  Lair  
  18  2:45  Evolution Chamber  
  17  3:06  Drone x2  
  17  3:07  Drone  
  17  3:10  Zergling x6  
  17  3:11  Metabolic Boost  
  23  3:43  Extractor  
  23  3:45  Queen  
  23  3:47  Pneumatized Carapace  
  24  3:51  Drone x3  
  27  3:57  Hatchery  
  26  4:03  Hatchery  
  22  4:52  Overlord x2  
  13  5:41  Drone x2  
  13  5:42  Drone x6  
  17  5:43  Drone x6  
  13  6:40  Overlord x2  
  13  6:46  Drone x5  
  13  6:47  Drone  
  1  11:43  Drone x3  
  4  18:45  Extractor  
  4  18:46  Extractor  
  2  18:51  Spawning Pool, Drone  
  2  18:52  Drone x2  
Show
View Real Time Build Order
Export as new Build Order

LigerMaNN Zerg - Winner!

Build Orders: Hatch First 

Get SALT Encoding   

  12  0:04  Drone  
  13  0:15  Overlord  
  13  0:18  Drone  
  14  0:33  Drone x2  
  16  0:39  Drone  
  17  0:57  Hatchery  
  17  0:59  Drone  
  17  1:02  Drone  
  18  1:13  Extractor  
  17  1:22  Spawning Pool  
  17  1:23  Drone  
  17  1:24  Drone  
  18  1:34  Drone  
  19  1:44  Drone  
  20  1:52  Overlord  
  20  2:14  Zergling x4  
  22  2:17  Metabolic Boost  
  22  2:19  Drone  
  22  2:22  Queen x2  
  27  2:23  Drone  
  28  2:41  Hatchery  
  27  2:44  Drone  
  27  2:48  Drone  
  27  2:49  Drone  
  30  2:52  Drone  
  31  2:59  Pneumatized Carapace  
  31  3:05  Drone x2  
  33  3:08  Drone  
  33  3:11  Drone  
  35  3:19  Overlord  
  35  3:21  Overlord  
  35  3:31  Baneling Nest  
  34  3:34  Drone  
  34  3:35  Drone, Evolution Chamber  
  34  3:36  Drone  
  36  3:54  Zergling x2  
  36  3:55  Zergling x14  
  44  4:19  Drone x6  
  44  4:20  Drone x2  
  52  4:25  Baneling  
  52  4:26  Baneling x3  
  52  4:37  Extractor  
  51  4:39  Spore Crawler  
  51  4:40  Spore Crawler, Queen  
  51  4:44  Drone  
  51  4:45  Drone x6  
  58  4:56  Overlord x2  
  58  4:57  Overlord  
  58  5:05  Lair  
  56  5:07  Drone x2  
  58  5:20  Extractor x2  
  56  5:22  Extractor, Drone x3  
  56  5:24  Extractor, Drone x3  
  56  5:25  Drone  
  56  5:26  Drone x5  
  56  5:27  Drone  
  67  5:30  Zerg Melee Weapons Level 1  
  67  5:36  Queen  
  69  6:07  Hydralisk Den  
  69  6:08  Spore Crawler  
  69  6:10  Drone x5  
  72  6:12  Spore Crawler  
  72  6:17  Spore Crawler  
  72  6:18  Spore Crawler  
  69  6:19  Spore Crawler  
  69  6:20  Spore Crawler  
  69  6:24  Centrifical Hooks  
  67  6:25  Drone  
  67  6:26  Drone x2  
  67  6:27  Drone  
  71  6:36  Drone x3  
  71  6:37  Drone x6  
  71  6:39  Baneling x2  
  80  6:40  Baneling x2  
  80  6:45  Drone x2  
  82  6:47  Overlord x3  
  82  6:48  Overlord x2  
  82  6:52  Muscular Augments  
  82  6:59  Infestation Pit  
  81  7:06  Spine Crawler  
  80  7:15  Hydralisk x5  
  80  7:16  Hydralisk x4  
  80  7:19  Overlord  
  96  7:34  Zerg Missile Weapons Level 1  
  96  7:37  Hive  
  96  8:01  Spire  
  94  8:13  Hydralisk  
  94  8:14  Hydralisk x13  
  116  8:33  Grooved Spines  
  116  8:35  Evolution Chamber  
  115  8:49  Hydralisk  
  115  8:50  Hydralisk x2  
  115  8:52  Overlord x6  
  115  8:53  Overlord x2  
  121  9:05  Zerg Ground Armor Level 1  
  121  9:16  Hydralisk x5  
  121  9:17  Hydralisk x7  
  123  9:21  Baneling x4  
  145  9:29  Zerg Flyer Armor Level 1  
  145  9:35  Zerg Missile Weapons Level 2  
  145  10:02  Hatchery  
  144  10:08  Spore Crawler  
  144  10:09  Spore Crawler x2  
  144  10:10  Spore Crawler  
  144  10:12  Spore Crawler x2  
  144  10:13  Drone  
  139  10:14  Spore Crawler x3, Drone x10  
  122  10:45  Drone  
  122  10:46  Drone x6  
  65  11:06  Queen  
  65  11:07  Queen  
  67  11:21  Spore Crawler  
  67  11:22  Drone x9  
  67  11:23  Spore Crawler x4  
  67  11:24  Spore Crawler x2  
  67  11:25  Spore Crawler  
  68  11:26  Spore Crawler  
  68  11:27  Spore Crawler  
  68  11:30  Zerg Ground Armor Level 2  
  66  11:33  Drone  
  66  11:38  Drone  
  66  11:39  Drone  
  69  11:42  Zerg Flyer Armor Level 2, Drone x3  
  71  11:51  Drone  
  71  11:52  Drone x2  
  73  12:03  Overseer  
  73  12:04  Overseer x2  
  72  12:32  Hydralisk  
  72  12:33  Hydralisk x11  
  96  12:38  Drone x4  
  96  12:39  Drone  
  96  12:42  Queen  
  103  13:07  Drone  
  103  13:08  Drone x9  
  103  13:09  Spine Crawler  
  103  13:10  Extractor, Spine Crawler x2  
  103  13:11  Extractor  
  103  13:12  Spine Crawler  
  107  13:14  Spine Crawler  
  106  13:25  Ultralisk Cavern  
  105  13:40  Spore Crawler  
  104  13:41  Spore Crawler  
  104  13:42  Spore Crawler x2  
  104  13:43  Spore Crawler  
  104  13:44  Spore Crawler x2  
  104  13:46  Zerg Melee Weapons Level 2  
  104  13:47  Spine Crawler  
  104  13:48  Zerg Ground Armor Level 3, Spine Crawler  
  97  13:49  Adrenal Glands, Spine Crawler  
  97  13:50  Spine Crawler x2  
  97  13:51  Zergling x16, Spine Crawler  
  97  13:52  Zergling x6  
  103  14:01  Drone x7  
  116  14:17  Chitinous Plating  
  116  14:19  Ultralisk  
  116  14:20  Ultralisk x2  
  140  14:24  Ultralisk  
  140  14:38  Corruptor  
  140  14:39  Corruptor x3  
  140  14:42  Corruptor  
  150  14:45  Corruptor  
  150  14:49  Corruptor  
  154  15:09  Corruptor x3  
  154  15:10  Corruptor x2  
  154  15:11  Corruptor  
  166  15:31  Spine Crawler  
  166  15:32  Spine Crawler x2  
  166  15:33  Baneling x11  
  166  15:34  Spine Crawler x2, Baneling  
  166  15:35  Baneling  
  161  15:36  Baneling x2  
  161  16:07  Hatchery  
  161  16:08  Spine Crawler  
  159  16:11  Spore Crawler  
  159  16:13  Spore Crawler  
  159  16:15  Spore Crawler x2  
  159  16:16  Spore Crawler x3  
  152  16:20  Corruptor x4  
  152  16:21  Corruptor  
  162  16:42  Zerg Melee Weapons Level 3, Zerg Missile Weapons Level 3  
  162  16:44  Zerg Flyer Armor Level 3  
  162  17:02  Viper x3  
  162  17:03  Viper  
  162  17:07  Overlord x3  
  174  17:25  Drone  
  174  17:26  Drone x2  
  174  17:27  Drone  
  178  17:34  Ultralisk x2  
  190  17:41  Ultralisk  
  196  18:07  Extractor x2, Drone x3  
  196  18:08  Drone x3  
  181  20:54  Corruptor x10  
Show
View Real Time Build Order
Export as new Build Order

Truth Terran - Winner!

Build Orders:  

Get SALT Encoding   

  12  0:02  SCV  
  14  0:14  SCV  
  14  0:20  Supply Depot  
  14  0:26  SCV  
  15  0:42  SCV  
  16  0:45  Barracks  
  16  0:54  Refinery, SCV  
  17  0:58  Refinery  
  17  1:06  SCV  
  18  1:18  SCV  
  19  1:30  SCV  
  20  1:42  SCV  
  21  1:49  Factory  
  21  1:54  Factory  
  21  1:59  Barracks Reactor  
  21  2:06  Engineering Bay  
  21  2:12  Supply Depot  
  21  2:40  Factory Reactor, Starport  
  21  2:42  Factory Tech Lab  
  21  2:48  Marine  
  21  2:49  Marine  
  23  3:03  SCV  
  24  3:06  Marine x2  
  26  3:14  Siege Tank  
  26  3:15  SCV  
  26  3:18  Starport Reactor  
  30  3:24  Marine  
  31  3:29  Supply Depot  
  31  3:50  Marine x2  
  31  3:51  Siege Tank  
  31  3:55  Medivac  
  38  4:02  Supply Depot  
  38  4:04  Orbital Command  
  38  4:08  Marine  
  39  4:23  Marine, Medivac  
  42  4:26  Marine, Supply Depot  
  43  4:38  Terran Infantry Weapons Level 1  
  43  4:41  Marine  
  43  4:44  Marine  
  45  4:48  Armory  
  45  4:59  Marine  
  46  5:02  Marine  
  47  5:16  Marine  
  47  5:19  Marine  
  49  5:24  Supply Depot, Siege Tank  
  52  5:34  Marine  
  53  5:50  Marine  
  53  5:52  Marine  
  53  5:56  Siege Tank  
  57  5:58  Supply Depot  
  57  6:08  Marine, Terran Vehicle Weapons Level 1  
  57  6:09  Medivac  
  57  6:10  Marine  
  60  6:26  Marine  
  60  6:28  Marine  
  61  6:44  Marine  
  50  7:19  Medivac  
  49  7:23  Terran Infantry Weapons Level 2  
  49  7:32  Marine  
  49  7:33  Marine  
  51  7:42  Medivac  
  53  7:50  Marine x2  
  55  8:02  Terran Vehicle And Ship Armor Level 1  
  55  8:08  Marine x2  
  57  8:26  Marine x2  
  59  8:49  Liberator  
  59  8:50  Liberator  
  59  9:02  Marine x2  
  67  9:20  Marine x2  
  69  9:32  Liberator x2  
  69  9:38  Marine x2  
  50  9:39  Terran Infantry Armor Level 1  
  49  9:56  Marine x2  
  51  10:15  Liberator  
  51  10:32  Medivac  
  47  11:21  Liberator x2  
  53  11:43  Marine x2  
  53  11:46  Hellion  
  57  11:54  Command Center  
  57  12:01  Marine x2  
  58  12:03  Command Center  
  58  12:05  Liberator x2  
  58  12:07  Hellion  
  61  12:11  Refinery  
  61  12:19  Marine x2  
  63  12:28  Hellion  
  71  12:57  Supply Depot  
  71  12:58  Supply Depot  
  71  13:01  Supply Depot  
  71  13:06  Marine x2, Hellion  
  75  13:19  SCV  
  76  13:23  Liberator x2  
  76  13:28  Hellion  
  76  13:31  SCV  
  85  13:43  SCV  
  87  13:55  SCV  
  87  14:03  SCV  
  87  14:07  SCV  
  89  14:12  Refinery  
  89  14:15  SCV  
  89  14:16  Refinery  
  90  14:19  SCV  
  91  14:32  SCV  
  92  14:44  SCV  
  93  15:00  Terran Infantry Weapons Level 3  
  93  15:02  Supply Depot  
  93  15:03  Liberator, Terran Vehicle Weapons Level 2  
  93  15:10  Liberator  
  99  15:37  Supply Depot  
  99  16:08  Refinery  
  99  16:21  Barracks  
  99  16:50  Factory Reactor  
  99  16:58  Liberator x2  
  99  17:10  Factory  
  105  17:18  Terran Vehicle And Ship Armor Level 2  
  105  17:37  Terran Infantry Armor Level 2  
  105  17:41  Liberator  
  105  17:47  Hellion x2  
  109  17:52  Liberator  
  109  17:56  Infernal Pre-Igniter  
  112  18:08  Hellion  
  112  18:09  Hellion  
  119  18:15  Hellion  
  121  18:23  Liberator  
  121  18:26  Supply Depot  
  121  18:29  Hellion  
  121  18:30  Hellion  
  125  18:34  Liberator  
  125  18:36  Hellion  
  130  18:49  Supply Depot  
  130  18:51  Hellion x2  
  137  18:58  Hellion  
  139  19:06  Barracks Tech Lab  
  139  19:12  Hellion  
  139  19:13  Hellion  
  143  19:19  Hellion  
  145  19:34  Hellion x2  
  149  19:40  Hellion  
  76  20:59  Engineering Bay  
  76  21:10  Supply Depot  
Show
View Real Time Build Order
Export as new Build Order

ENlightMONK Terran - Winner!

Build Orders: Reaper Expand 

Get SALT Encoding   

  12  0:01  SCV  
  13  0:13  SCV  
  14  0:19  Supply Depot  
  14  0:25  SCV  
  15  0:34  Refinery  
  15  0:43  Barracks  
  15  0:50  SCV  
  16  1:03  SCV  
  17  1:15  SCV  
  18  1:30  Reaper  
  19  1:33  Orbital Command  
  19  1:44  Command Center  
  19  1:52  Refinery  
  19  1:56  Supply Depot  
  19  2:02  Barracks Reactor  
  19  2:30  Factory  
  19  2:38  SCV  
  20  2:49  Reaper  
  20  2:50  Reaper, SCV  
  23  3:44  Reaper x2  
  25  4:16  Reaper x2  
  26  4:48  Reaper x2  
  28  5:20  Reaper x2  
  26  5:32  Supply Depot  
  26  5:34  Supply Depot x3  
  26  5:38  SCV  
  26  5:39  Barracks  
  27  5:43  Orbital Command  
  27  5:49  Refinery  
  27  5:50  SCV  
  27  5:52  Reaper x2  
  27  5:56  Barracks  
  30  5:59  Factory Reactor  
  30  6:02  SCV  
  30  6:03  Factory Tech Lab  
  31  6:09  SCV  
  32  6:14  SCV  
  32  6:15  Refinery  
  33  6:21  SCV  
  33  6:24  Reaper  
  33  6:25  Reaper  
  36  6:27  SCV  
  36  6:30  Engineering Bay  
  36  6:31  Engineering Bay  
  35  6:33  SCV  
  35  6:34  Supply Depot  
  35  6:35  Supply Depot  
  35  6:38  Barracks Tech Lab  
  35  6:39  SCV  
  37  6:45  Barracks Tech Lab, SCV  
  38  6:47  Barracks Reactor  
  38  6:51  SCV  
  39  6:56  Reaper  
  39  6:57  Reaper, SCV  
  39  6:58  Supply Depot  
  42  7:10  Reaper  
  43  7:24  Barracks  
  43  7:28  SCV  
  43  7:29  Reaper x2, SCV  
  47  7:31  Reaper  
  47  7:32  Reaper  
  49  7:40  SCV  
  49  7:41  SCV  
  49  7:42  Reaper  
  52  7:52  Barracks, SCV  
  52  7:53  SCV  
  52  7:55  Barracks  
  52  7:57  Barracks x3  
  54  8:00  Barracks  
  54  8:01  Reaper x2  
  54  8:04  SCV  
  54  8:05  SCV  
  58  8:11  Barracks  
  58  8:14  Reaper  
  58  8:16  SCV  
  58  8:17  SCV  
  61  8:29  SCV x2  
  61  8:33  Reaper x2  
  62  8:41  SCV x2  
  54  9:33  Barracks Reactor x2  
  54  9:34  Barracks Reactor x6  
  54  10:03  Starport, Terran Infantry Weapons Level 1  
  54  10:04  Terran Infantry Armor Level 1, Starport  
  54  10:07  Combat Shields  
  52  10:19  Marine  
  52  10:20  Marine x6  
  52  10:21  Marine x7  
  61  10:22  Marine x7  
  73  10:32  Supply Depot  
  73  10:34  Supply Depot x2  
  73  10:35  Supply Depot  
  73  10:36  Supply Depot  
  73  10:37  Marine  
  73  10:38  Marine x7  
  73  10:39  Marine x7  
  73  10:40  Marine x6  
  94  10:55  Marine  
  94  10:56  Marine x4  
  99  10:59  Marine  
  99  11:00  Marine x6  
  99  11:01  Marine x4  
  110  11:08  Starport Reactor  
  110  11:12  Starport Tech Lab  
  110  11:23  Marine  
  110  11:24  Marine x6  
  110  11:25  Marine x3  
  120  11:26  Stimpack  
  120  11:27  SCV  
  120  11:28  SCV  
  122  11:46  Raven  
  124  11:49  Medivac x2  
  124  11:52  Marine  
  124  11:53  Marine x6  
  124  11:54  Marine  
  136  12:09  Supply Depot  
  136  12:19  Medivac  
  131  12:25  Medivac  
  131  12:28  Marine x3  
  131  12:29  Marine x6  
  142  12:30  Marine x5, Raven  
  142  12:31  Supply Depot  
  146  12:49  Medivac  
  148  12:55  Supply Depot  
  148  12:59  Viking  
  148  13:01  Marine  
  148  13:02  Marine  
  152  13:13  Raven  
  152  13:19  Supply Depot, Viking  
  156  13:21  Armory  
  156  13:29  Viking  
  156  13:31  Supply Depot  
  156  13:32  Supply Depot x2  
  156  13:33  Supply Depot  
  158  13:39  Supply Depot  
  158  13:41  Supply Depot, Siege Tank  
  158  13:42  Supply Depot  
  161  13:49  Viking  
  163  13:56  Viking  
  163  13:59  Viking  
  167  14:07  Orbital Command, Supply Depot  
  167  14:08  Marine  
  167  14:09  Marine x2  
  170  14:13  Siege Tank  
  173  14:19  Viking  
  173  14:21  Terran Infantry Weapons Level 2  
  175  14:26  Viking  
  177  14:36  Refinery  
  177  14:37  Refinery  
  177  14:55  Viking x2  
  177  14:56  Viking  
  183  15:01  Marine x2  
  185  15:25  Viking x2  
  189  16:02  Starport x2  
  189  16:05  Starport  
  189  16:07  Starport  
  189  16:12  Viking x2  
  193  16:23  Marine x2  
  193  16:24  Marine x5  
  200  16:27  Armory  
  200  16:35  Terran Infantry Armor Level 2  
  200  17:00  Starport Reactor x3  
  200  17:01  Starport Reactor  
  200  17:20  Barracks  
  200  17:23  Barracks  
  200  17:25  Barracks  
  200  17:26  Barracks x2  
  200  17:36  Terran Infantry Weapons Level 3  
  200  17:40  Terran Vehicle Weapons Level 1  
  200  17:45  Terran Vehicle And Ship Armor Level 1  
  200  18:16  Barracks Reactor  
  200  18:17  Barracks Reactor x3  
  200  18:29  Barracks Reactor  
  200  19:33  Missile Turret  
  200  19:34  Missile Turret  
  200  19:38  Missile Turret  
  200  19:50  Missile Turret  
  200  20:06  Missile Turret  
  200  20:08  Missile Turret  
  198  20:34  Viking  
Tags
 
Add a new tag
Caveats
  • Supply blocks, unpowered buildings, or Contaminate may cause inaccurate times.
  • Supply counts are checked every 10 seconds.